General information
			
			
        
        - name: BNet
 
        - type: Ladder team game (AT/RT)
 
        - host: Battle.net
 
        - saver: TALONSAREIMBA
 
        
map: Mur'gulOasis 
        - players: 8
 
        - length: 12:53
 
        - speed: Fast
 - version: 1.22 W3XP
 - replay type:  Public
 
» download(105 KB)
Players
        team 1 (loser) 
              
              
Buttman- (
orange | 71 APM | 809 actions | 11:25)
              
 4 Mountain King 
 2 Storm Bolt
 2 Bash
 
                » actions 
                
                | Assign group hotkey | 15 |  | 
| Basic commands | 5 |  | 
| Build / train | 43 |  | 
| Enter build submenu | 15 |  | 
| Enter hero's abilities submenu | 4 |  | 
| Right click | 297 |  | 
| Select / deselect | 174 |  | 
| Select group hotkey | 186 |  | 
| Use ability | 70 |  | 
                809 total
 » units 
                
                | Peasant | 9 |  | 
| Footman | 20 |  | 
| Necromancer | 1 |  | 
| Ghoul | 2 |  | 
                32 total
 » upgrades
                » buildings
                
                | Farm | 8 |  | 
| Barracks | 2 |  | 
| Altar of Kings | 1 |  | 
| Blacksmith | 1 |  | 
| Keep | 1 |  | 
| Lumber Mill | 1 |  | 
| Arcane Vault | 1 |  | 
                15 total
 » build order
                00:20 Farm
00:35 Barracks
00:50 Altar of Kings
00:58 Farm
01:35 Farm
02:18 Farm
02:47 Blacksmith
02:58 Farm
04:46 Keep
06:17 Farm
06:20 Lumber Mill
06:22 Barracks
07:02 Arcane Vault
07:40 Farm
08:52 Farm
 
               
              
              
Lichster (
purple | 27 APM | 214 actions | 07:58)
              
 1 Crypt Lord 
 1 Carrion Beetles
 
                » actions 
                
                | Basic commands | 14 |  | 
| Build / train | 30 |  | 
| Enter build submenu | 11 |  | 
| Enter hero's abilities submenu | 1 |  | 
| Right click | 57 |  | 
| Select / deselect | 89 |  | 
| Use ability | 12 |  | 
                214 total
 » units 
                
                | Acolyte | 3 |  | 
| Ghoul | 17 |  | 
| Necromancer | 5 |  | 
                25 total
 » buildings
                
                | Ziggurat | 4 |  | 
| Crypt | 1 |  | 
| Nerubian Tower | 1 |  | 
| Altar of Darkness | 1 |  | 
| Halls of the Dead | 1 |  | 
| Graveyard | 1 |  | 
| Tomb of Relics | 1 |  | 
| Temple of the Damned | 2 |  | 
| Slaughterhouse | 1 |  | 
                13 total
 » build order
                00:06 Ziggurat
00:09 Crypt
01:02 Nerubian Tower
02:28 Altar of Darkness
02:55 Ziggurat
03:24 Halls of the Dead
03:33 Ziggurat
04:18 Graveyard
05:28 Tomb of Relics
06:15 Temple of the Damned
06:17 Temple of the Damned
06:21 Slaughterhouse
07:38 Ziggurat
 
               
              
              
luffy26 (
yellow | 39 APM | 459 actions | 11:50)
              
 1 Demon Hunter 
 1 Mana Burn
 1 Priestess of the Moon 
 1 Trueshot Aura
 1 Crypt Lord 
 1 Spiked Carapace
 
                » actions 
                
                | Assign group hotkey | 30 |  | 
| Build / train | 39 |  | 
| Enter build submenu | 7 |  | 
| Enter hero's abilities submenu | 3 |  | 
| Remove unit from queue | 1 |  | 
| Right click | 86 |  | 
| Select / deselect | 112 |  | 
| Select group hotkey | 155 |  | 
| Use ability | 26 |  | 
                459 total
 » units 
                
                | Wisp | 6 |  | 
| Archer | 9 |  | 
| Huntress | 6 |  | 
| Necromancer | 5 |  | 
| Ghoul | 2 |  | 
                28 total
 » upgrades
                
                | Strength of the Moon | 1 |  | 
| Necromancer Training | 1 |  | 
| Web | 1 |  | 
                3 total
 » buildings
                
                | Altar of Elders | 1 |  | 
| Moon Well | 3 |  | 
| Ancient of War | 1 |  | 
| Hunter's Hall | 1 |  | 
| Tree of Ages | 1 |  | 
| Ancient of Lore | 1 |  | 
| Black Citadel | 1 |  | 
                9 total
 » build order
                00:06 Altar of Elders
00:07 Moon Well
00:28 Ancient of War
01:19 Moon Well
02:50 Moon Well
03:40 Hunter's Hall
04:35 Tree of Ages
07:36 Ancient of Lore
11:31 Black Citadel
 
               
              
              
Ram_Hamar (
green | 33 APM | 406 actions | 12:14)
              
 3 Demon Hunter 
 1 Mana Burn
 2 Evasion
 
                » actions 
                
                | Assign group hotkey | 1 |  | 
| Basic commands | 2 |  | 
| Build / train | 28 |  | 
| Enter build submenu | 11 |  | 
| Enter hero's abilities submenu | 3 |  | 
| Right click | 198 |  | 
| Select / deselect | 124 |  | 
| Select group hotkey | 7 |  | 
| Use ability | 32 |  | 
                406 total
 » units 
                » upgrades
                
                | Strength of the Moon | 1 |  | 
| Moon Armor | 1 |  | 
                2 total
 » buildings
                
                | Altar of Elders | 1 |  | 
| Moon Well | 5 |  | 
| Hunter's Hall | 1 |  | 
| Ancient of War | 2 |  | 
| Tree of Ages | 1 |  | 
                10 total
 » build order
                00:26 Altar of Elders
00:30 Moon Well
00:52 Hunter's Hall
01:10 Ancient of War
01:45 Ancient of War
02:00 Moon Well
04:35 Moon Well
07:43 Moon Well
07:51 Tree of Ages
09:09 Moon Well
 
               team 2 (winner) 
              
              
66DRAGON6 (
red | 117 APM | 1431 actions | 12:15)
              
 3 Far Seer 
 2 Feral Spirit
 1 Chain Lighting
 2 Tauren Chieftain 
 1 War Stomp
 1 Endurance Aura
 
                » actions 
                
                | Assign group hotkey | 40 |  | 
| Build / train | 49 |  | 
| Enter build submenu | 15 |  | 
| Enter hero's abilities submenu | 5 |  | 
| Give item / drop item | 1 |  | 
| Remove unit from queue | 3 |  | 
| Right click | 758 |  | 
| Select / deselect | 212 |  | 
| Select group hotkey | 295 |  | 
| Use ability | 53 |  | 
                1431 total
 » units 
                
                | Peon | 11 |  | 
| Grunt | 4 |  | 
| Troll Headhunter/Berserker | 4 |  | 
| Wind Rider | 3 |  | 
                22 total
 » buildings
                
                | Altar of Storms | 1 |  | 
| Orc Burrow | 4 |  | 
| War Mill | 1 |  | 
| Barracks | 1 |  | 
| Stronghold | 3 |  | 
| Watch Tower | 3 |  | 
| Voodoo Lounge | 1 |  | 
| Beastiary | 2 |  | 
                16 total
 » build order
                00:04 Altar of Storms
00:08 Orc Burrow
00:35 War Mill
01:03 Barracks
02:06 Orc Burrow
02:45 Stronghold
02:45 Stronghold
03:28 Watch Tower
03:43 Watch Tower
04:08 Voodoo Lounge
04:58 Watch Tower
05:01 Orc Burrow
08:50 Beastiary
08:51 Beastiary
11:22 Orc Burrow
» items
                
                | Potion of Healing | 4 |  | 
| Scroll of Speed | 3 |  | 
| Healing Salve | 2 |  | 
| Lesser Clarity Potion | 3 |  | 
                12 total
  
               
              
              
jack7daniels (
teal | 68 APM | 834 actions | 12:15)
              
 5 Death Knight 
 3 Death Coil
 2 Unholy Aura
 
                » actions 
                
                | Assign group hotkey | 4 |  | 
| Basic commands | 1 |  | 
| Build / train | 43 |  | 
| Enter build submenu | 16 |  | 
| Enter hero's abilities submenu | 5 |  | 
| Right click | 447 |  | 
| Select / deselect | 268 |  | 
| Select group hotkey | 2 |  | 
| Use ability | 47 |  | 
                834 total
 » units 
                
                | Acolyte | 3 |  | 
| Ghoul | 5 |  | 
| Crypt Fiend | 7 |  | 
| Frost Wyrm | 2 |  | 
                17 total
 » upgrades
                
                | Creature Attack | 1 |  | 
| Creature Carapace | 1 |  | 
                2 total
 » buildings
                
                | Crypt | 1 |  | 
| Graveyard | 1 |  | 
| Altar of Darkness | 1 |  | 
| Ziggurat | 4 |  | 
| Tomb of Relics | 1 |  | 
| Nerubian Tower | 3 |  | 
| Halls of the Dead | 3 |  | 
| Spirit Tower | 3 |  | 
| Black Citadel | 1 |  | 
| Sacrificial Pit | 1 |  | 
| Boneyard | 2 |  | 
                21 total
 » build order
                00:07 Crypt
00:17 Graveyard
00:46 Altar of Darkness
00:58 Ziggurat
01:37 Tomb of Relics
01:55 Nerubian Tower
01:55 Nerubian Tower
01:55 Nerubian Tower
02:33 Ziggurat
03:44 Ziggurat
04:05 Halls of the Dead
04:06 Halls of the Dead
05:36 Spirit Tower
07:46 Black Citadel
08:29 Sacrificial Pit
09:38 Ziggurat
10:19 Boneyard
10:21 Boneyard
11:04 Spirit Tower
11:06 Spirit Tower
» items
                
                | Rod of Necromancy | 2 |  | 
| Scroll of Town Portal | 2 |  | 
| Potion of Healing | 2 |  | 
                6 total
  
               
              
              
KNIFE]NOOBELF (
blue | 97 APM | 1195 actions | 12:15)
              
 5 Death Knight 
 3 Death Coil
 2 Unholy Aura
 3 Lich 
 2 Frost Nova
 1 Dark Ritual
 
                » actions 
                
                | Assign group hotkey | 37 |  | 
| Basic commands | 46 |  | 
| Build / train | 29 |  | 
| Enter build submenu | 17 |  | 
| Enter hero's abilities submenu | 8 |  | 
| Remove unit from queue | 1 |  | 
| Right click | 514 |  | 
| Select / deselect | 124 |  | 
| Select group hotkey | 356 |  | 
| Use ability | 63 |  | 
                1195 total
 » units 
                
                | Acolyte | 2 |  | 
| Ghoul | 3 |  | 
| Crypt Fiend | 6 |  | 
                11 total
 » buildings
                
                | Graveyard | 1 |  | 
| Crypt | 1 |  | 
| Ziggurat | 8 |  | 
| Altar of Darkness | 1 |  | 
| Tomb of Relics | 1 |  | 
| Halls of the Dead | 1 |  | 
| Nerubian Tower | 1 |  | 
| Black Citadel | 1 |  | 
| Sacrificial Pit | 1 |  | 
| Boneyard | 3 |  | 
                19 total
 » build order
                00:09 Graveyard
00:15 Crypt
00:42 Ziggurat
00:56 Altar of Darkness
01:12 Tomb of Relics
01:49 Ziggurat
02:48 Halls of the Dead
04:00 Ziggurat
05:51 Nerubian Tower
07:14 Black Citadel
07:36 Ziggurat
07:38 Sacrificial Pit
10:22 Boneyard
10:24 Boneyard
10:27 Boneyard
10:29 Ziggurat
10:29 Ziggurat
10:30 Ziggurat
10:30 Ziggurat
» items
                
                | Rod of Necromancy | 2 |  | 
| Potion of Healing | 1 |  | 
| Scroll of Town Portal | 1 |  | 
                4 total
  
               
              
              
TALONSAREIMBA (
pink | 106 APM | 1365 actions | 12:53)
              
 4 Beastmaster 
 2 Summon Quilbeast
 2 Summon Hawk
 2 Goblin Tinker 
 1 Cluster Rockets
 1 Engineering Upgrade
 1 Pit Lord 
 1 Howl of Terror
 
                » actions 
                
                | Assign group hotkey | 22 |  | 
| Basic commands | 60 |  | 
| Build / train | 36 |  | 
| Enter build submenu | 10 |  | 
| Enter hero's abilities submenu | 7 |  | 
| Right click | 776 |  | 
| Select / deselect | 263 |  | 
| Select group hotkey | 145 |  | 
| Use ability | 46 |  | 
                1365 total
 » units 
                » buildings
                
                | Ancient of War | 1 |  | 
| Moon Well | 4 |  | 
| Altar of Elders | 1 |  | 
| Tree of Ages | 1 |  | 
| Hunter's Hall | 1 |  | 
| Ancient of Lore | 2 |  | 
| Tree of Eternity | 1 |  | 
                11 total
 » build order
                00:05 Ancient of War
00:07 Moon Well
00:24 Altar of Elders
02:01 Moon Well
03:45 Tree of Ages
04:03 Moon Well
04:33 Hunter's Hall
06:20 Ancient of Lore
06:23 Ancient of Lore
07:37 Tree of Eternity
08:52 Moon Well
» items
                
                | Lesser Clarity Potion | 1 |  | 
| Potion of Healing | 1 |  | 
| Potion of Mana | 1 |  | 
| Healing Salve | 1 |  | 
                4 total
  
                Chat log
          (00:10 / Allies) TALONSAREIMBA: 66 gonna fux this up
(00:17 / Allies) 66DRAGON6: teching to tauren casrters
(00:20 / Allies) TALONSAREIMBA: shit
(00:28 / Allies) 66DRAGON6: after i get grunts
(00:34 / Allies) KNIFE]NOOBELF: g me
(00:40 / Allies) KNIFE]NOOBELF: if we lose to someone named butman
(00:43 / Allies) jack7daniels: lol
(00:49 / Allies) KNIFE]NOOBELF: talons
(00:50 / Allies) KNIFE]NOOBELF: 100g...
(01:00 / Allies) TALONSAREIMBA: why u protoin
(01:06 / Allies) KNIFE]NOOBELF: me?
(01:15 / Allies) 66DRAGON6: ???
(01:39 / Allies) 66DRAGON6: dr
(01:41 / Allies) 66DRAGON6: like gina
(01:43 / Allies) TALONSAREIMBA: no
(01:46 / Allies) TALONSAREIMBA: wow
(01:49 / Allies) TALONSAREIMBA: is that like
(01:55 / Allies) TALONSAREIMBA: a bad suggestion
(02:01 / Allies) 66DRAGON6: im serious
(02:09 / Allies) TALONSAREIMBA: "like gina"
(02:23 / Allies) KNIFE]NOOBELF: once again dragon fails
(02:25 / Allies) KNIFE]NOOBELF: ;P
(02:31 / Allies) 66DRAGON6: u
(02:39 / Allies) KNIFE]NOOBELF: haha
(03:06 / Allies) 66DRAGON6: pro
(03:09 / Allies) TALONSAREIMBA: i stuttered
(03:10 / Allies) TALONSAREIMBA: that footmen
(03:12 / Allies) TALONSAREIMBA: for like 5 secs
(03:13 / Allies) TALONSAREIMBA: did anyone see
(03:20 / Allies) TALONSAREIMBA: Fuck you all
(03:26 / Allies) TALONSAREIMBA: that was a perfect play
(03:31 / Allies) 66DRAGON6: huh?
(03:32 / Allies) TALONSAREIMBA: gonna put it in a gif
(03:34 / Allies) jack7daniels: lol
(03:36 / Allies) TALONSAREIMBA: later tonight
(03:52 / Allies) TALONSAREIMBA: god
(03:52 / Allies) 66DRAGON6: what program they use
(03:54 / Allies) TALONSAREIMBA: such a good block
(03:55 / Allies) 66DRAGON6: to make those things?
(04:07 / Allies) TALONSAREIMBA: u need
(04:12 / Allies) TALONSAREIMBA: fraps
(04:14 / Allies) TALONSAREIMBA: and a video editor
(04:15 / Allies) TALONSAREIMBA: than
(04:17 / Allies) TALONSAREIMBA: image ready
(04:22 / Allies) 66DRAGON6: k
(04:24 / Allies) 66DRAGON6: thx
(04:43 / Allies) KNIFE]NOOBELF: careful
(04:48 / Allies) KNIFE]NOOBELF: luffy nears
(04:54 / Allies) KNIFE]NOOBELF: keke
(05:03 / Allies) jack7daniels: and his buddy
(05:22 / Allies) TALONSAREIMBA: all aboard
(05:26 / Allies) TALONSAREIMBA: gay train
(05:40 / Allies) KNIFE]NOOBELF: umm
(06:06 / Allies) KNIFE]NOOBELF: lol
(06:07 / Allies) TALONSAREIMBA: brb
(06:31 / Allies) jack7daniels: wow 
(06:33 / Allies) jack7daniels: purp raped
(06:35 / Allies) jack7daniels: by shlied
(06:43 / Allies) TALONSAREIMBA: yo
(06:44 / Allies) TALONSAREIMBA: lightning shield
(06:45 / Allies) TALONSAREIMBA: holy shit
(06:49 / Allies) TALONSAREIMBA: OMG
(06:51 / Allies) TALONSAREIMBA: CAN I MAKE IT THERE
(08:28 / All) KNIFE]NOOBELF: bye
(08:46 / Allies) jack7daniels: i thought buttman would be good
(08:51 / Allies) KNIFE]NOOBELF: he is
(08:53 / Allies) 66DRAGON6: same
(08:54 / Allies) KNIFE]NOOBELF: are you kidding me
(09:19 / Allies) jack7daniels: lol
(10:18 / Allies) KNIFE]NOOBELF: ks
(10:21 / Allies) 66DRAGON6: pwnt
(10:36 / Allies) jack7daniels: necs o noes
(10:50 / Allies) KNIFE]NOOBELF: we cant beat that...
(11:34 / Allies) KNIFE]NOOBELF: nooooooo
(11:54 / Allies) KNIFE]NOOBELF: they are way harder then last game
(11:59 / Allies) 66DRAGON6: agleed
(12:15 / Allies) KNIFE]NOOBELF: L is nowhere near R